 Dungeon Crawl Stone Soup version 0.27.0-66-gdc8fb28755 (webtiles) character file.

Game seed: 10824829800667536434

15 ZARRMARR the Ruffian (level 2, -2/23 HPs)
             Began as a Draconian Transmuter on Aug 20, 2021.
             Engulfed by a cloud of flame (25 damage)
             ... on level 1 of the Dungeon.
             The game lasted 00:02:27 (991 turns).

ZARRMARR the Ruffian (Draconian Transmuter)          Turns: 991, Time: 00:02:27

Health: -2/23      AC:  4    Str: 12    XL:     2   Next: 34%
Magic:  5/5        EV: 12    Int: 13    God:
Gold:   89         SH:  0    Dex: 11    Spells: 4/5 levels left

rFire    . . .     SeeInvis .     - Unarmed
rCold    . . .     Faith    .   (no shield)
rNeg     . . .     Spirit   .   (armour unavailable)
rPois    .         Reflect  .   (helmet restricted)
rElec    .         Harm     .   (no cloak)
rCorr    .         Rampage  .   (no gloves)
Will     .....                  (no boots)
Stlth    +.........             (no amulet)
HPRegen  0.07/turn              (no ring)
MPRegen  0.09/turn              (no ring)

@: no status effects
A: AC +4, unfitting armour, cold-blooded
a: no special abilities


You were on level 1 of the Dungeon.
You visited 1 branch of the dungeon, and saw 1 of its levels.

You collected 89 gold pieces.

Inventory:

Scrolls
 e - a scroll of amnesia {unknown}
Potions
 a - a potion of berserk rage {unknown}
 b - a potion of attraction {unknown}
 c - a potion of heal wounds {unknown}


   Skills:
 + Level 1.1 Fighting
 + Level 1.8 Dodging
 + Level 3.7 Unarmed Combat
 + Level 2.0 Spellcasting
 + Level 2.0 Transmutations


You had 4 spell levels left.
You knew the following spells:

 Your Spells              Type           Power      Damage    Failure   Level
a - Beastly Appendage     Tmut           12%        N/A       11%         1

Your spell library contained the following spells:

 Spells                   Type           Power      Damage    Failure   Level
 Wereblood                Tmut           6%         N/A       17%         2
 Spider Form              Tmut/Pois      1%         N/A       45%         3
 Ice Form                 Ice/Tmut       3%         N/A       86%         4


Dungeon Overview and Level Annotations

Branches:
Dungeon (1/15)

Altars:


Innate Abilities, Weirdness & Mutations

Your plain brown scales are hard. (AC +4)
You cannot fit into any form of body armour.
You are cold-blooded and may be slowed by cold attacks.


Message History

You now have 31 gold pieces (gained 8).
Found 33 gold pieces.
Found 9 gold pieces.
Really walk into a travel-excluded area?
Found 16 gold pieces.
You are engulfed in blazing flames.
Ouch! That really hurt!
You start resting.
HP restored.
You open the door.
There is an open door here.
A rat comes into view.
You hit the rat.
You kill the rat!
You see here a rat corpse.
e - a scroll labelled DYHOLEXKUL Partly explored, can't reach some items and places.
Partly explored, can't reach some items and places.
Partly explored, can't reach some items and places.
Partly explored, can't reach some items and places.
Blink to where?
Press: ? - help, Dir - move target
As you read the scroll labelled UQUUSU OGETHRO, it crumbles to dust.
It was a scroll of blinking.
You now have 40 gold pieces (gained 9).
You now have 57 gold pieces (gained 17).
You now have 61 gold pieces (gained 4).
You now have 66 gold pieces (gained 5).
You now have 70 gold pieces (gained 4).
You now have 73 gold pieces (gained 3).
You now have 89 gold pieces (gained 16).
Really walk into a travel-excluded area?
Really walk into that cloud of flame? [Y]es or [N]o only, please.
Really walk into that cloud of flame?
Okay, then.
Really walk into that cloud of flame?
You are engulfed in blazing flames.
Ouch! That really hurt!
You die...

#.######....########. ##.##
####.......... #...#
#.##....... #§§○#
#.##....... #§§☼#
#.##....... #§°☼#
#.########.
######...########'########.
#.§§§.....☼§§..............
#.§§○.....@§§.........#....
#.☼☼°.....○§☼.........#.#..
######...#####........#.#..
#§☼§# #........#.### #§§§#
#.>......#.... #☼°○#
#........####.
#...#####......[.# #.
##...............# #.
################# #.


There were no monsters in sight!

Vanquished Creatures
  A bat (D:1)
  3 endoplasms (D:1)
  3 goblins (D:1)
  A hobgoblin (D:1)
  A kobold (D:1)
  A quokka (D:1)
  A ball python (D:1)
  A rat (D:1)
12 creatures vanquished.

Vanquished Creatures (others)
  A hobgoblin (D:1)
1 creature vanquished.

Grand Total: 13 creatures vanquished

Notes
Turn   | Place    | Note
-------+----------+-------------------------------------------
     0 | D:1      | ZARRMARR the Draconian Transmuter began the quest for the
                  | Orb.
     0 | D:1      | Reached XP level 1. HP: 16/16 MP: 3/3
   306 | D:1      | Reached XP level 2. HP: 23/23 MP: 5/5
   991 | D:1      | Engulfed by a cloud of flame

Illustrated notes

Levels and vault maps discovered:
D:1:      enne_arrival_octagon_isle, layout_basic, roderic_roman_lattice,
          kennysheep_crisscross, hangedman_decor_diamond_cutter,
          lemuel_flame_loot_1

Action                   || total
-------------------------++-------
Melee: Unarmed           ||    28
       Tailslap          ||     1
  Use: Scroll            ||     1
 Stab: Sleeping          ||     1
Armor: Skin              ||     3
Dodge: Dodged            ||     6
